 Dungeon Sprint DCSS version 0.30-a0-772-g5528072125 (webtiles) character file.

Game seed: 2796561341299804852

5800000 rocky1 the Axe Maniac (level 23, -20/284 HPs)
             Began as an Ogre Gladiator on Feb 13, 2023.
             Demolished by a large bag of meat
             ... wielding a +9 giant spiked club
              (99 damage)
             ... in the Dungeon (Sprint VIII: "Arena of Blood").
             The game lasted 00:03:59 (58 turns).

rocky1 the Axe Maniac (Ogre Gladiator)                Turns: 58, Time: 00:03:59

Health: -20/284    AC:  5    Str: 32    XL:     23   Next: 52%
Magic:  25/54      EV: 19    Int:  9    God:
Gold:   0          SH:  0    Dex: 10    Spells: 76/76 levels left

rFire   . . .      SeeInvis .    l - +∞ Axe of Woe
rCold   . . .      Faith    .    (shield currently unavailable)
rNeg    . . .      Spirit   .    b - +0 robe
rPois   .          Reflect  .    c - +0 hat
rElec   .          Harm     .    (no cloak)
rCorr   .          Rampage  .    (gloves unavailable)
Will    ++...      NoTele   +    (boots unavailable)
Stlth   +++++++++                (no amulet)
HPRegen 0.67/turn                m - +30 ring of slaying
MPRegen 0.34/turn                o - +200 ring of slaying

@: no status effects
A: large, unfitting armour, tough skin 1
a: no special abilities


You were in the Dungeon.
You visited 1 branch

Inventory:

Hand Weapons
 a - a +0 war axe
 l - the +∞ Axe of Woe (weapon)
   (You found it in the Dungeon)
Missiles
 d - 3 throwing nets (quivered)
 e - a large rock
Armour
 b - a +0 robe (worn)
 c - a +0 hat (worn)
Jewellery
 m - a +30 ring of slaying (left hand)
 n - a +30 ring of slaying
 o - a +200 ring of slaying (right hand)
 p - a +200 ring of slaying
 q - a +250 ring of slaying
 r - a +250 ring of slaying
Scrolls
 k - a scroll of blinking
Potions
 f - a potion of curing
 g - a potion of heal wounds
 h - a potion of haste
 i - 2 potions of magic
 j - a potion of berserk rage


   Skills:
 O Level 27 Fighting
 + Level 1.0(1.2) Short Blades
 + Level 0.9(1.2) Long Blades
 O Level 27 Axes
 O Level 27 Maces & Flails
 O Level 27 Polearms
 O Level 27 Staves
 + Level 0.6 Ranged Weapons
 O Level 27 Throwing
 O Level 27 Armour
 O Level 27 Dodging
 O Level 27 Stealth
 + Level 1.2 Shields
 O Level 27 Unarmed Combat
 O Level 27 Spellcasting
 + Level 1.0 Conjurations
 + Level 1.0 Hexes
 + Level 1.0 Summonings
 + Level 1.0 Necromancy
 + Level 1.0 Translocations
 + Level 1.0 Transmutations
 + Level 1.0 Fire Magic
 + Level 1.0 Ice Magic
 + Level 1.0 Air Magic
 + Level 1.0 Earth Magic
 + Level 1.0 Poison Magic
 + Level 1.3 Invocations
 + Level 0.9 Evocations


You had 76 spell levels left.
You didn't know any spells.
Your spell library was empty.

Dungeon Overview and Level Annotations

Branches:
Dungeon (1/1)

Altars:
Makhleb


Innate Abilities, Weirdness & Mutations

You are too large for most types of armour.
You have tough skin. (AC +1)


Message History

You kill the bag of meat!
You slice the bag of meat!!
You slaughter the bag of meat joyfully.
You kill the bag of meat!
You hear a shout! x5
Your base Staves skill gained 5 levels and is now at level 22!
Unknown command.
You slice the bag of meat!!
You butcher the bag of meat messily.
You kill the bag of meat!
You hear a shout! x8
A meat berserker comes into view. It is wielding a +9 battleaxe.
Your base Staves skill gained 2 levels and is now at level 24!
Unknown command.
You dice the meat berserker like an onion!!!!!
You hew the meat berserker savagely.
You kill the meat berserker!
You hear a shout!
A meat berserker comes into view. It is wielding a +9 battleaxe.
You hear a shout! x3
A meat berserker comes into view. It is wielding a +9 battleaxe.
You have mastered Staves!
You need to enable at least one skill for training.
Your Short Blades skill increases to level 1!
Your Shields skill increases to level 1!
Your Conjurations skill increases to level 1!
Your Hexes skill increases to level 1!
Your Summonings skill increases to level 1!
Your Necromancy skill increases to level 1!
Your Translocations skill increases to level 1!
Your Transmutations skill increases to level 1!
Your Fire Magic skill increases to level 1!
Your Ice Magic skill increases to level 1!
Your Air Magic skill increases to level 1!
Your Earth Magic skill increases to level 1!
Your Poison Magic skill increases to level 1!
Your Invocations skill increases to level 1!
Unknown command.
A bag of meat comes into view. It is wielding a +9 war axe.
You hear a shout! x5
The large bag of meat hits you with a +9 giant spiked club!!!!
You die...

.....#. ...........
....... ......o...O
....... .........
#O..... #.......#
...#... #.......#
#O.....###.L.....###..
......))))oo###)......
....#.))oO))._))......
..#...))@)#).)).#.....
.......)..#_.<._# ...
..#....)..#.....# .
....#........_........
............###.......
.......###..O. ..###..
....... #.......# .
....... #.......#
#...... .o.......


You could see a tyrant, a large bag of meat (inner flame), 3 meat berserkers and
4 bags of meat.

Vanquished Creatures
  10 vampire knights (D)
  12 ogres (D)
  26 orcs (D)
  3 skeletal warriors (D)
51 creatures vanquished.

Notes
Turn   | Place    | Note
-------+----------+-------------------------------------------
     0 | D        | Found the +∞ Axe of Woe
     0 | D        | rocky1 the Ogre Gladiator began the quest for the Orb.
     0 | D        | Reached XP level 1. HP: 22/22 MP: 1/1
     1 | D        | Noticed a bag of meat
     1 | D        | Noticed a bag of meat
     3 | D        | Noticed a meat berserker
     4 | D        | Killed a bag of meat
     5 | D        | Reached skill level 15 in Fighting
     5 | D        | Reached skill level 10 in Armour
     5 | D        | Reached XP level 2. HP: 57/57 MP: 2/2
     5 | D        | Reached XP level 3. HP: 65/65 MP: 3/3
     5 | D        | Reached XP level 4. HP: 74/74 MP: 4/4
     5 | D        | Reached XP level 5. HP: 81/81 MP: 5/5
     5 | D        | Reached XP level 6. HP: 91/91 MP: 6/6
     5 | D        | Reached XP level 7. HP: 98/98 MP: 7/7
     5 | D        | Reached XP level 8. HP: 107/107 MP: 8/8
     5 | D        | Reached XP level 9. HP: 115/115 MP: 9/9
     5 | D        | Reached XP level 10. HP: 126/126 MP: 10/10
     5 | D        | Reached XP level 11. HP: 133/133 MP: 11/11
     5 | D        | Noticed a bag of meat
     5 | D        | Noticed a bag of meat
     8 | D        | Killed a meat berserker
     8 | D        | Noticed a bag of meat
     9 | D        | Reached XP level 12. HP: 154/154 MP: 12/12
     9 | D        | Noticed a meat berserker
    10 | D        | Noticed a meat berserker
    12 | D        | Killed a meat berserker
    12 | D        | Killed a bag of meat
    12 | D        | Noticed a meat berserker
    13 | D        | Reached XP level 13. HP: 171/171 MP: 13/13
    13 | D        | Reached XP level 14. HP: 182/182 MP: 14/14
    13 | D        | Killed a bag of meat
    13 | D        | Noticed a meat berserker
    13 | D        | Noticed a meat berserker
    14 | D        | Reached skill level 15 in Armour
    14 | D        | Noticed a bag of meat
    15 | D        | Noticed a bag of meat
    16 | D        | Killed a meat berserker
    16 | D        | Noticed a bag of meat
    16 | D        | Noticed a bag of meat
    16 | D        | Noticed a bag of meat
    17 | D        | Reached XP level 15. HP: 196/196 MP: 15/15
    17 | D        | Noticed a meat berserker
    18 | D        | Noticed a destroyer
    20 | D        | Killed a meat berserker
    20 | D        | Killed a meat berserker
    20 | D        | Noticed a destroyer
    20 | D        | Noticed a meat berserker
    21 | D        | Reached skill level 27 in Fighting
    21 | D        | Reached skill level 27 in Axes
    21 | D        | Reached XP level 16. HP: 217/217 MP: 16/16
    21 | D        | Killed a meat berserker
    23 | D        | Noticed a meat berserker
    23 | D        | Noticed a destroyer
    24 | D        | Killed a meat berserker
    25 | D        | Reached XP level 17. HP: 160/226 MP: 17/17
    25 | D        | Noticed a destroyer
    27 | D        | Killed a meat berserker
    28 | D        | Killed a meat berserker
    29 | D        | Reached skill level 27 in Dodging
    29 | D        | Reached XP level 18. HP: 169/236 MP: 18/18
    30 | D        | Killed a destroyer
    30 | D        | Noticed a meat berserker
    30 | D        | Noticed a destroyer
    31 | D        | Reached skill level 27 in Armour
    32 | D        | Reached XP level 19. HP: 177/245 MP: 19/19
    32 | D        | Noticed a sculptor of flesh
    32 | D        | Killed a destroyer
    32 | D        | Noticed a destroyer
    33 | D        | Reached skill level 27 in Stealth
    34 | D        | Reached skill level 10 in Throwing
    34 | D        | Reached skill level 10 in Spellcasting
    34 | D        | Noticed a destroyer
    35 | D        | Noticed a meat berserker
    35 | D        | Killed a destroyer
    36 | D        | Reached skill level 15 in Spellcasting
    36 | D        | Reached XP level 20. HP: 146/256 MP: 19/39
    36 | D        | Killed a meat berserker
    36 | D        | Killed a destroyer
    36 | D        | Killed a destroyer
    37 | D        | Noticed a destroyer
    37 | D        | Killed a destroyer
    38 | D        | Reached XP level 21. HP: 152/265 MP: 19/47
    38 | D        | Noticed a destroyer
    41 | D        | Noticed a destroyer
    41 | D        | Killed a meat berserker
    41 | D        | Killed a destroyer
    43 | D        | Killed a destroyer
    44 | D        | Reached XP level 22. HP: 120/275 MP: 21/52
    45 | D        | Reached skill level 27 in Spellcasting
    47 | D        | Noticed a tyrant
    47 | D        | Killed a destroyer
    47 | D        | Noticed a large bag of meat
    48 | D        | Reached skill level 27 in Throwing
    50 | D        | Reached skill level 27 in Polearms
    50 | D        | Killed a destroyer
    51 | D        | Reached skill level 27 in Maces & Flails
    51 | D        | Reached skill level 27 in Unarmed Combat
    51 | D        | Reached XP level 23. HP: 128/284 MP: 23/54
    58 | D        | Reached skill level 27 in Staves
    58 | D        | Reached skill level 1 in Short Blades
    58 | D        | Reached skill level 1 in Shields
    58 | D        | Reached skill level 1 in Conjurations
    58 | D        | Reached skill level 1 in Hexes
    58 | D        | Reached skill level 1 in Summonings
    58 | D        | Reached skill level 1 in Necromancy
    58 | D        | Reached skill level 1 in Translocations
    58 | D        | Reached skill level 1 in Transmutations
    58 | D        | Reached skill level 1 in Fire Magic
    58 | D        | Reached skill level 1 in Ice Magic
    58 | D        | Reached skill level 1 in Air Magic
    58 | D        | Reached skill level 1 in Earth Magic
    58 | D        | Reached skill level 1 in Poison Magic
    58 | D        | Reached skill level 1 in Invocations
    58 | D        | Demolished by a large bag of meat

Illustrated notes

Levels and vault maps discovered:
D:        meatsprint

Skill      XL: |  1  2  3  4  5  6  7  8  9 10 11 12 13 14 15 16 17 18 19 20 21 22 23 |
---------------+----------------------------------------------------------------------+-----
Fighting       | 15 19 22 24 27 | 27.0
Axes           | 16 20 23 26 27 | 27.0
Armour         | 10 12 14 16 18 22 26 27 | 27.0
Dodging        | 11 14 16 17 20 24 27 | 27.0
Stealth        | 9 16 22 26 27 | 27.0
Maces & Flails | 13 19 23 27 | 27.0
Polearms       | 14 20 25 27 | 27.0
Throwing       | 14 20 25 27 | 27.0
Unarmed Combat | 13 19 23 27 | 27.0
Spellcasting   | 15 22 26 27 | 27.0
Staves         | 14 27 | 27.0
Short Blades   | 1 |  1.0
Shields        | 1 |  1.2
Conjurations   | 1 |  1.0
Hexes          | 1 |  1.0
Summonings     | 1 |  1.0
Necromancy     | 1 |  1.0
Translocations | 1 |  1.0
Transmutations | 1 |  1.0
Fire Magic     | 1 |  1.0
Ice Magic      | 1 |  1.0
Air Magic      | 1 |  1.0
Earth Magic    | 1 |  1.0
Poison Magic   | 1 |  1.0
Invocations    | 1 |  1.3
Long Blades    | |  0.9
Ranged Weapons | |  0.6
Evocations     | |  0.9

Action                     |  1- 3 |  4- 6 |  7- 9 | 10-12 | 13-15 | 16-18 | 19-21 | 22-24 || total
---------------------------+-------+-------+-------+-------+-------+-------+-------+-------++-------
  Melee: Executioner's axe |     1 |       |       |     2 |     4 |     8 |     7 |     9 ||    31
  Dodge: Dodged            |     1 |       |       |       |       |       |     1 |     1 ||     3

Table legend: (Time is in decaauts)
 A = Elapsed time spent in this place.
 B = Non-inter-level travel time spent in this place.
 C = Inter-level travel time spent in this place.
 D = Time resting spent in this place.
 E = Time spent auto-exploring this place.
 F = Levels seen in this place.
 G = Mean time per level.
                   A        B        C        D        E       F      G
               +--------+--------+--------+--------+--------+-----+--------+
         Total |     47 |     47 |      0 |      0 |      0 |   1 |   47.0 |
       Dungeon |     47 |     47 |      0 |      0 |      0 |   1 |   47.0 |
               +--------+--------+--------+--------+--------+-----+--------+

Top non-repeatable levels by time:
       D: 47 daAuts
